 Dungeon Sprint DCSS version 0.24-a0-217-g1152973720 (webtiles) character file.

Game seed: 14180433553078094649

1107 Findor the Basher (level 8, -4/56 HPs)
             Began as a Demonspawn Gladiator on Mar 30, 2019.
             Was a Follower of Okawaru (penitent).
             Slain by a cyclops (20 damage)
             ... in the Dungeon (Sprint IX: "|||||||||||||||||||||||||||||").
             The game lasted 00:03:39 (439 turns).

Findor the Basher (Demonspawn Gladiator)             Turns: 439, Time: 00:03:40

Health: -4/56      AC: 13    Str: 20    XL:     8   Next: 11%
Magic:  8/8        EV:  6    Int: 13    God:    Okawaru [*]
Gold:   0          SH:  0    Dex: 15    Spells: 7/7 levels left

rFire    . . .     SeeInvis .   b - +2 morningstar of the Boar {venom, Int+4}
rCold    . . .     Gourm    .   (no shield)
rNeg     . . .     Faith    .   q - +0 plate armour
rPois    .         Spirit   .   (helmet restricted)
rElec    .         Reflect  .   p - +0 cloak
rCorr    .         Harm     .   (no gloves)
MR       .....     NoTele   +   (no boots)
Stlth    ..........             (no amulet)
HPRegen  0.18/turn              s - +3 ring of strength
MPRegen  0.11/turn              r - +2 ring of protection

@: no status effects
A: antennae 1, demonic guardian 1, powered by death 1
a: Renounce Religion


You were in the Dungeon.
You worshipped Okawaru.
Okawaru was demanding penance.
You were not hungry.

You visited 1 branch


Innate Abilities, Weirdness & Mutations

You have a pair of small antennae on your head.
A weak demonic guardian rushes to your aid.
You regenerate a little health from kills.


   Skills:
 - Level 2.0 Fighting
 - Level 9.8 Long Blades
 * Level 13.0 Maces & Flails
 - Level 1.7 Throwing
 - Level 2.6 Dodging


You had 7 spell levels left.
You didn't know any spells.
Your spell library was empty.

Inventory:

Hand Weapons
 a - a +0 long sword
 b - the +2 morningstar of the Boar (weapon) {venom, Int+4}
   (You found it in the Dungeon)

   It poisons the flesh of those it strikes.
   It affects your intelligence (+4).
Missiles
 d - 3 throwing nets (quivered) {!f}
Armour
 p - a +0 cloak (worn)
   (You found it in the Dungeon)
 q - a +0 plate armour (worn)
   (You found it in the Dungeon)
Jewellery
 r - a +2 ring of protection (right hand)
   (You found it in the Dungeon)
 s - a +3 ring of strength (left hand)
   (You found it in the Dungeon)
Wands
 x - a wand of acid (4)
   (You found it in the Dungeon)
Scrolls
 k - 2 scrolls of blinking
 m - 3 scrolls of remove curse {@r2}
 n - 2 scrolls of amnesia
Potions
 e - 3 potions of curing {@q1}
 h - a potion of haste {@q3}
 i - 4 potions of magic
 j - a potion of invisibility
Comestibles
 f - a ration
 l - 15 chunks of flesh


Message History

Your plate armour prevents you from hitting the sky beast.
The sky beast hits you but does no damage.
You thump the sky beast!
You kill the sky beast!
Okawaru accepts your kill.
You feel your dexterity returning.
Your Maces & Flails skill increases to level 13!
You swap places.
Your ufetubus disappears in a puff of smoke!
The cyclops hits you!!
* * * LOW HITPOINT WARNING * * *
There is an open door, spattered with blood here.
You see here a shapeshifter corpse.
You swap places.
Your ufetubus barely misses the cyclops.
Your ufetubus hits the cyclops but does no damage.
The cyclops throws a large rock.
The large rock hits your ufetubus!!
Your ufetubus dies!
The cyclops barely misses you.
There is an open door, spattered with blood here.
Things that are here:
a large rock; a shapeshifter corpse Unknown command.
You puncture the cyclops!
The cyclops is poisoned.
You hit the cyclops but do no damage.
The cyclops looks as sick as possible!
The cyclops hits you!
* * * LOW HITPOINT WARNING * * *
Okay, then.
You feel much better.
Your plate armour prevents you from hitting the cyclops.
The cyclops hits you.
Your plate armour prevents you from hitting the cyclops.
The phantom blinks!
The cyclops hits you!!
* * * LOW HITPOINT WARNING * * *
You completely miss the cyclops. You puncture the cyclops!
The cyclops hits you!
* * * LOW HITPOINT WARNING * * *
Your plate armour prevents you from hitting the cyclops.
The phantom blinks!
You swap places.
Your white imp hits the cyclops but does no damage.
The cyclops throws a large rock.
The large rock hits your white imp!!
Your white imp dies!
The cyclops hits you but does no damage.
There is an open door, spattered with blood here.
Things that are here:
2 large rocks; a shapeshifter corpse Your plate armour prevents you from hitting the cyclops.
You hit the cyclops. The cyclops hits you!!
You die... ▓▓▓▓▓▓▓▓▓▓▓▓▓▓▓▓▓▓▓▓▓▓▓▓ ..))[....[.W....@CZ....+ ▓▓▓▓▓▓▓▓▓▓▓▓▓▓▓▓▓▓▓▓▓▓▓▓

You could see a cyclops, a phantom and a bat zombie.

Vanquished Creatures
  A two-headed ogre (D)
  An ice beast (D)
  A sky beast (D)
  An ogre (shapeshifter) (D)
  A centaur (D)
  A bullfrog (D)
  A killer bee (D)
  A crimson imp (D)
  A quasit (D)
  An orc wizard (D)
  A worker ant (D)
  An adder skeleton (D)
  An orc (D)
  A giant cockroach (D)
  A jackal (D)
  A bat (D)
  A frilled lizard (D)
  A giant cockroach zombie (D)
  A goblin (D)
19 creatures vanquished.

Notes
Turn   | Place    | Note
-------+----------+-------------------------------------------
     0 | D        | Findor the Demonspawn Gladiator began the quest for the
                  | Orb.
     0 | D        | Reached XP level 1. HP: 16/16 MP: 1/1
     5 | D        | Reached skill level 3 in Long Blades
    25 | D        | Noticed an ice beast
    25 | D        | Noticed a crimson imp
    25 | D        | Noticed a worker ant
    29 | D        | Killed an ice beast
    29 | D        | Gained mutation: A weak demonic guardian rushes to your
                  | aid. [demonic ancestry]
    29 | D        | Reached XP level 2. HP: 22/22 MP: 2/2
    29 | D        | Reached XP level 3. HP: 27/27 MP: 3/3
    29 | D        | Reached XP level 4. HP: 33/33 MP: 4/4
    34 | D        | Reached skill level 9 in Long Blades
    39 | D        | Gained mutation: You have a pair of small antennae on your
                  | head. [demonic ancestry]
    39 | D        | Reached XP level 5. HP: 38/38 MP: 5/5
   164 | D        | Found a roughly hewn altar of Beogh.
   164 | D        | Found a snail-covered altar of Cheibriados.
   164 | D        | Found a shadowy altar of Dithmenos.
   164 | D        | Found a white marble altar of Elyvilon.
   164 | D        | Found a blossoming altar of Fedhas.
   164 | D        | Found an opulent altar of Gozag.
   165 | D        | Found a hazy altar of Hepliaklqana.
   166 | D        | Found a viscous altar of Jiyva.
   167 | D        | Found an ancient bone altar of Kikubaaqudgha.
   168 | D        | Found a corrupted altar of Lugonu.
   169 | D        | Found a burning altar of Makhleb.
   170 | D        | Found a sparkling altar of Nemelex Xobeh.
   171 | D        | Found an iron altar of Okawaru.
   172 | D        | Found a stormy altar of Qazlal.
   173 | D        | Found a sacrificial altar of Ru.
   174 | D        | Found a deep blue altar of Sif Muna.
   175 | D        | Found a bloodstained altar of Trog.
   176 | D        | Found a hide-covered altar of Uskayaw.
   177 | D        | Found a radiant altar of Vehumet.
   178 | D        | Found an ornate altar of the Wu Jian Council.
   179 | D        | Became a worshipper of Warmaster Okawaru
   180 | D        | Found a shimmering altar of Xom.
   181 | D        | Found a basalt altar of Yredelemnul.
   182 | D        | Found a glowing silver altar of Zin.
   183 | D        | Found a glowing golden altar of the Shining One.
   200 | D        | Got the +2 morningstar of the Boar {venom, Int+4}
   228 | D        | Noticed a centaur
   228 | D        | Noticed a two-headed ogre
   232 | D        | Reached skill level 4 in Maces & Flails
   263 | D        | Killed a centaur
   263 | D        | Reached skill level 6 in Maces & Flails
   263 | D        | Reached XP level 6. HP: 18/44 MP: 6/6
   265 | D        | HP: 7/44 [two-headed ogre/+0 giant club (2)]
   267 | D        | Killed a two-headed ogre
   267 | D        | Reached * piety under Okawaru
   267 | D        | Reached ** piety under Okawaru
   267 | D        | Reached skill level 12 in Maces & Flails
   267 | D        | Gained mutation: You regenerate a little health from kills.
                  | [demonic ancestry]
   267 | D        | Reached XP level 7. HP: 8/50 MP: 7/7
   277 | D        | HP: 9/50 [killer bee (1)]
   392 | D        | Noticed a golden eye
   392 | D        | Noticed a cyclops
   406 | D        | a golden eye changed into an ogre
   411 | D        | Was placed under penance by Okawaru
   421 | D        | Reached XP level 8. HP: 46/56 MP: 8/8
   424 | D        | Reached skill level 13 in Maces & Flails
   439 | D        | Slain by a cyclops

Levels and vault maps discovered:
D:        linesprint [early_d, line_temple, items_1, d_10, items_2, lair_1,
          lair_end, items_3, orc_1, orc_end, items_4, d_15, swamp_1, shoals_1,
          snake_1, spider_1, d_20, vaults_1, items_5, swamp_end, shoals_end,
          snake_end, spider_end, vaults_end, d_27, items_6, zot_1, zot_end,
          crypt_end, forest_end, elf_end, slime_end, tomb_end, abyss_end,
          pan_hell_end]

Action                   |  1- 3 |  4- 6 |  7- 9 || total
-------------------------+-------+-------+-------++-------
Melee: Long sword        |    13 |    10 |       ||    23
       Morningstar       |       |     9 |    46 ||    55
Evoke: Wand              |       |     1 |     5 ||     6
  Use: Potion            |     1 |       |     5 ||     6
Armor: Leather armour    |     1 |       |       ||     1
       Plate armour      |       |     4 |    77 ||    81
Dodge: Dodged            |    14 |    10 |    32 ||    56
       Rpst.: Long sword |     5 |     1 |       ||     6
